Cogmind - Beta 12 --- EXPLORER MODE // 2023.03.15 @ 19:19:51 Player: Shin Result: Escaped! Performance ------------- Evolutions (9) 4500 Regions Visited (27) 5400 Robots Destroyed (194) 970 Value Destroyed (9704) 9704 Prototype IDs (58) 1160 Alien Tech Used (0) 0 Bonus (8049) 8049 TOTAL SCORE: 29783 Bonus ------- High Alert Combat Kills 44 Follower Combat Kills 1915 Aligned with FarCom 300 Met Data Miner 300 Met Warlord at Base 500 MAIN.C Attacked Warlord 500 Warlord Defense Kills 1128 Met R17 at Cetus 500 Win 3000 Friendly Fire -138 Cogmind --------- Core Integrity 1600/1600 Matter 296/300 Energy 276/300 System Corruption 0% Temperature Cool (-193) Movement Treading (119) Location To Epsilon Eridani Parts ------- > --- POWER (2) -------- Antimatter-Quantum Reactor > --- PROPULSION (6) --- Treaded Centrium-FC Exoskeleton > --- UTILITY (14) ----- Armored Scrap Engine Power Amplifier Advanced Cryofiber Web Advanced Heat Sink Advanced Heat Sink Improved Cooling System Experimental Coolant Injector High-capacity Storage Unit Experimental Target Analyzer Recoil Nullifier Advanced Focal Shield Thermal Barrier > --- WEAPON (4) ------- Enhanced Nova Cannon Laser Quantum Construct/G Hyp. Accelerated Rail Construct/G Shock Maul > --- INVENTORY (20) --- Experimental Energy Well (600) Compact Matter Pod (150) Experimental Sensor Array Advanced Reaction Control System Experimental Thermal Shield Improved Remote Force Field Improved System Restoration Module Long-range Tractor Beam Linear Accelerator Thermoblaster Faulty Neutron Missile Launcher Fusion Bomb Launcher Advanced Remote Datajack Peak State ------------ > --- POWER ------------ Antimatter-Quantum Reactor > --- PROPULSION ------- Treaded Centrium-FC Exoskeleton > --- UTILITY ---------- Armored Scrap Engine Power Amplifier Advanced Cryofiber Web Advanced Heat Sink Advanced Heat Sink Improved Cooling System Experimental Coolant Injector High-capacity Storage Unit Experimental Target Analyzer Recoil Nullifier Advanced Focal Shield Thermal Barrier > --- WEAPON ----------- Enhanced Nova Cannon Laser Quantum Construct/G Hyp. Accelerated Rail Construct/G Shock Maul > --- INVENTORY -------- Experimental Energy Well Compact Matter Pod Experimental Sensor Array Advanced Reaction Control System Experimental Thermal Shield Improved Remote Force Field Improved System Restoration Module Long-range Tractor Beam Linear Accelerator Thermoblaster Neutron Missile Launcher Fusion Bomb Launcher Advanced Remote Datajack [Rating: 191] Favorites ----------- Power Constructs Engine Cooled Ion Engine Reactor Constructs Propulsion Light Treads Treads Light Treads Leg Aluminum Leg Wheel Compact Wheel Utility High-capacity Storage Unit Device Improved Cooling System Storage High-capacity Storage Unit Processor Advanced Targeting Computer Protection Hardened Medium Armor Plating Weapon Constructs Energy Gun Constructs Energy Cannon Enhanced Nova Cannon Ballistic Gun Constructs Launcher Thermoblaster Special Weapon Remote Datajack Impact Weapon Shock Maul Build | -11 -10 -10 -9 -9 -9 -8 -8 -8 -8 -6 -6 -6 -6 -5 -5 -5 -5 -5 -4 -4 -4 -4 -4 -4 -3 -2 -1 ------- Run | Jun Mat Min Mat Min Exi Min Mat Sto Rec Fac Low Low Dat Pro Fac Upp Upp War Pro Fac Ext Cet Arc Hub Res Res Acc Slots Evolved 19 | . 1 . 2 . . . 2 . . 4 . . . . 2 . . . . 2 . . . . 2 2 2 Power 1 | . . . . . . . . . . 1 . . . . . . . . . . . . . . . . . Propulsion 4 | . . . 1 . . . 1 . . 1 . . . . 1 . . . . . . . . . . . . Utility 12 | . 1 . 1 . . . . . . 2 . . . . . . . . . 2 . . . . 2 2 2 Weapon 2 | . . . . . . . 1 . . . . . . . 1 . . . . . . . . . . . . Parts Attached 131 | . 5 . 7 8 3 2 12 22 6 4 1 . . . . . . 4 . 5 17 6 4 1 6 6 12 Power 5 | . . . 2 1 . . . 1 . 1 . . . . . . . . . . . . . . . . . Engine 5 | . . . 2 1 . . . 1 . 1 . . . . . . . . . . . . . . . . . Core . | . . . . . . . . . . . . . . . . . . . . . . . . . . . . Reactor . | . . . . . . . . . . . . . . . . . . . . . . . . . . . . Propulsion 18 | . 2 . 1 2 2 . 4 6 1 . . . . . . . . . . . . . . . . . . Treads 17 | . 2 . 1 2 1 . 4 6 1 . . . . . . . . . . . . . . . . . . Leg . | . . . . . . . . . . . . . . . . . . . . . . . . . . . . Wheel 1 | . . . . . 1 . . . . . . . . . . . . . . . . . . . . . . Hover . | . . . . . . . . . . . . . . . . . . . . . . . . . . . . Flight . | . . . . . . . . . . . . . . . . . . . . . . . . . . . . Utility 61 | . 3 . 1 3 1 . 3 7 1 3 1 . . . . . . 1 . 4 9 4 4 1 6 3 6 Device 40 | . . . . . . . 1 4 1 . 1 . . . . . . . . 4 6 4 4 1 6 3 5 Storage 5 | . 2 . . . 1 . . . . . . . . . . . . . . . 2 . . . . . . Processor 9 | . 1 . . 2 . . . 1 . 3 . . . . . . . 1 . . . . . . . . 1 Hackware . | . . . . . . . . . . . . . . . . . . . . . . . . . . . . Protection 7 | . . . 1 1 . . 2 2 . . . . . . . . . . . . 1 . . . . . . Artifact . | . . . . . . . . . . . . . . . . . . . . . . . . . . . . Weapon 47 | . . . 3 2 . 2 5 8 4 . . . . . . . . 3 . 1 8 2 . . . 3 6 Energy Gun 5 | . . . . . . . 3 1 1 . . . . . . . . . . . . . . . . . . Energy Cannon 1 | . . . . . . . . . . . . . . . . . . . . . . . . . . . 1 Ballistic Gun 10 | . . . 3 1 . 1 . 4 1 . . . . . . . . . . . . . . . . . . Ballistic Cannon . | . . . . . . . . . . . . . . . . . . . . . . . . . . . . Launcher 14 | . . . . 1 . 1 2 . . . . . . . . . . 1 . 1 4 1 . . . 1 2 Special Weapon 2 | . . . . . . . . . . . . . . . . . . 1 . . 1 . . . . . . Impact Weapon 15 | . . . . . . . . 3 2 . . . . . . . . 1 . . 3 1 . . . 2 3 Slashing Weapon . | . . . . . . . . . . . . . . . . . . . . . . . . . . . . Piercing Weapon . | . . . . . . . . . . . . . . . . . . . . . . . . . . . . Special Melee Weapon . | . . . . . . . . . . . . . . . . . . . . . . . . . . . . Unidentified Prototypes 8 | . . . . . . . . 3 . . . . . . . . . . . . 1 . . . . . 4 Corrupted Parts 1 | . . . . . . . . . . . . . . . . . . . . . . . 1 . . . . System Corruption 3 | . . . . . . . . . . . . . . . . . . . . . . . 3 . . . . Parts Lost 11 | . . . . 1 . . 1 . . . 1 . . . . . . . . . 1 1 1 . 2 2 1 Power . | . . . . . . . . . . . . . . . . . . . . . . . . . . . . Propulsion . | . . . . . . . . . . . . . . . . . . . . . . . . . . . . Utility 7 | . . . . 1 . . 1 . . . 1 . . . . . . . . . . . 1 . 1 2 . Weapon 4 | . . . . . . . . . . . . . . . . . . . . . 1 1 . . 1 . 1 Highest Loss Streak 2 | . . . . 1 . . 1 . . . 1 . . . . . . . . . 1 1 1 . 2 1 1 To Critical Strikes . | . . . . . . . . . . . . . . . . . . . . . . . . . . . . Average Slot Usage (%) 74 | . 90 87 91 99 100 100 97 98 81 67 61 62 62 61 50 50 51 55 55 58 61 63 64 61 64 66 67 Engine 5 | . 5 . 8 10 10 10 8 8 8 11 12 12 12 11 4 1 . . . . . . . . . . . Reactor 1 | . . . . . . . . . . . . . . . . . . . 3 5 5 5 5 5 4 4 3 Treads 12 | . 22 25 26 30 20 20 29 32 27 1 . . . 1 5 3 5 3 3 2 . 1 . . . . 2 Leg 1 | . 1 . . . . . . . . 4 2 3 6 4 . 1 . . 1 2 1 3 5 5 4 4 . Wheel 1 | . . . . . 10 10 1 . . . 1 2 . . . . . . . . . . . . . . . Device 11 | . . . . . . . 2 8 8 6 11 12 12 12 11 11 11 11 11 19 19 23 24 21 29 39 37 Storage 7 | . 12 12 10 10 10 10 8 8 8 6 6 6 6 6 5 5 5 5 5 5 4 5 5 5 4 4 3 Processor 10 | . 11 12 10 17 20 20 13 8 8 18 12 12 12 12 11 11 11 11 11 10 5 1 . . . . 2 Protection 4 | . 12 12 16 11 10 10 7 7 . . . . . . . . . . . . 4 5 5 5 3 . . Energy Gun 2 | . . . . . . . 7 2 2 . 2 6 6 6 5 5 5 5 5 5 . 1 2 5 4 . 3 Energy Cannon 2 | . . . . . . . . . 3 . 5 2 . 1 5 5 5 5 5 5 4 5 5 5 3 . 2 Ballistic Gun 10 | . 25 25 19 19 20 19 16 14 8 11 2 . . . . . 1 3 . . 3 10 12 10 9 11 3 Ballistic Cannon 1 | . . . . . . . . . 5 6 . 3 6 4 . . . . . . 2 . . . . . . Naked Turns . | . . . . . . . . . . . . . . . . . . . . . . . . . . . . Heaviest Build 128 | 17 47 44 62 62 61 62 66 67 68 68 80 80 80 80 74 74 89 96 96 102 128 127 117 103 112 116 107 Greatest Support 313 | 20 40 40 60 60 20 16 80 90 90 98 76 76 76 76 76 123 158 181 177 208 227 144 144 144 144 144 313 Greatest Overweight (x) 42 | . 5 1 1 1 3 3 3 . 2 1 1 1 1 1 . . . 30 . . 42 . . . . . . Average Overweight (x) . | . 1 1 . 1 3 3 . . . . . 1 1 . . . . . . . . . . . . . . Largest Inventory Capacity 20 | . 20 20 20 20 20 20 20 20 20 20 20 20 20 20 20 20 20 20 20 20 20 20 20 20 20 20 20 Average Capacity 19 | . 18 20 20 20 20 20 20 20 20 20 20 20 20 20 20 20 20 20 20 20 19 20 20 20 20 20 20 Most Carried 20 | . 13 16 20 20 20 20 20 20 20 14 11 10 10 11 11 12 15 20 19 20 20 20 19 19 19 17 16 Average Carried 15 | . 9 14 18 19 19 20 19 19 15 11 10 10 10 10 11 11 12 17 19 18 18 18 17 18 17 15 12 Final Capacity 20 | 10 20 20 20 20 20 20 20 20 20 20 20 20 20 20 20 20 20 20 20 20 20 20 20 20 20 20 20 Final Carried 20 | 7 13 16 20 19 20 20 20 20 15 11 10 10 10 11 11 12 15 19 19 19 20 18 19 18 18 16 13 Scrap Engine Consumption 291 | . . . . . . . . . 51 31 25 5 . 16 7 13 12 22 3 3 47 26 6 . 7 7 10 Constructs Created 12 | . . . . . . . . . 5 1 . . . . . . 1 . . . 2 2 . . . 1 . Constructs Modified 115 | . . . . . . . . . 7 12 13 3 . 4 5 11 6 5 6 2 18 7 4 . 1 7 4 Class Distribution -------------------- 52% | Hacker-Construct 38% | Hacker-Mutant Dominant Class ---------------- Hacker-Mutant | -10/Materials Hacker-Mutant | -10/Mines Hacker-Mutant | -9/Materials Hacker-Mutant | -9/Mines Hacker-Mutant | -9/Exiles Hacker-Mutant | -8/Mines Hacker-Gunner | -8/Materials Hacker-Mutant | -8/Storage Hacker-Mutant | -8/Recycling Hacker-Construct | -6/Factory Hacker-Construct | -6/Lower Caves Hacker-Construct | -6/Lower Caves Hacker-Construct | -6/Data Miner Hacker-Construct | -5/Proximity Caves Hacker-Construct | -5/Factory Hacker-Construct | -5/Upper Caves Hacker-Construct | -5/Upper Caves Hacker-Construct | -5/Warlord Hacker-Construct | -4/Proximity Caves Hacker-Construct | -4/Factory Hacker-Construct | -4/Extension Hacker-Construct | -4/Cetus Hacker-Construct | -4/Archives Hacker-Construct | -4/Hub_04(d) Hacker-Construct | -3/Research Hacker-Construct | -2/Research Hacker-Mutant | -1/Access Resources | -11 -10 -10 -9 -9 -9 -8 -8 -8 -8 -6 -6 -6 -6 -5 -5 -5 -5 -5 -4 -4 -4 -4 -4 -4 -3 -2 -1 ----------- Run | Jun Mat Min Mat Min Exi Min Mat Sto Rec Fac Low Low Dat Pro Fac Upp Upp War Pro Fac Ext Cet Arc Hub Res Res Acc Matter Collected 3593 | 200 122 . 227 196 . 81 365 314 117 105 144 10 . . . . . 73 2 . 317 302 101 . 189 451 277 Remotely 263 | . . . . . . . . . . . . . . . . . . . . . . . . . . . 263 Salvage Created 10626 | . 157 . 545 148 . 149 620 453 832 681 396 57 . 298 132 393 321 528 81 256 1132 936 523 60 560 672 696 Parts 475 | . 17 . 38 6 . 9 29 16 15 34 19 1 . 17 9 22 10 23 5 8 34 42 24 3 16 33 45 Haulers Intercepted 7 | . . . 3 . . . 1 3 . . . . . . . . . . . . . . . . . . . Recyclers Shooed 1 | . . . 1 . . . . . . . . . . . . . . . . . . . . . . . . Parts Field Recycled . | . . . . . . . . . . . . . . . . . . . . . . . . . . . . Retrieved Matter . | . . . . . . . . . . . . . . . . . . . . . . . . . . . . Parts Self-Destructed . | . . . . . . . . . . . . . . . . . . . . . . . . . . . . Prevented . | . . . . . . . . . . . . . . . . . . . . . . . . . . . . Kills | -11 -10 -10 -9 -9 -9 -8 -8 -8 -8 -6 -6 -6 -6 -5 -5 -5 -5 -5 -4 -4 -4 -4 -4 -4 -3 -2 -1 ------- Run | Jun Mat Min Mat Min Exi Min Mat Sto Rec Fac Low Low Dat Pro Fac Upp Upp War Pro Fac Ext Cet Arc Hub Res Res Acc Combat Hostiles Destroyed 157 | . 6 . 4 10 . 4 11 4 4 8 6 1 . 6 2 7 6 8 2 4 11 18 4 1 7 9 14 Melee 1 | . . . . . . . . . 1 . . . . . . . . . . . . . . . . . . Guns 78 | . 6 . 4 6 . 2 10 4 1 4 2 . . . . . . 6 . 2 4 11 3 . 5 6 2 Cannons 42 | . . . . . . . . . . 4 4 . . 6 1 7 3 2 2 1 4 3 1 1 . . 3 AOE 24 | . . . . 4 . 2 1 . . . . . . . . . . . . 1 2 2 . . . 3 9 Classes Destroyed 20 | . 3 . 5 1 . 1 2 . . 1 . . . . . . . 3 . . 2 . . . . 2 . Worker 2 | . . . . . . . 1 . . . . . . . . . . . . . . . . . . 1 . Builder 3 | . . . . . . . . . . . . . . . . . . . . . 1 . . . . 2 . Tunneler 2 | . . . . . . . . . . . . . . . . . . . . . . . . . . 1 1 Hauler 7 | . . . 3 . . . 1 3 . . . . . . . . . . . . . . . . . . . Recycler 12 | . . . 1 . . 1 . 1 3 2 . . . . . . . . . . 2 . . . . 1 1 Operator 8 | . . . 1 . . . . 1 . . . . . . . . . . . . . . 5 . . 1 . Watcher 10 | . 2 . 3 . . . 2 . . . . . . . 1 . . . . . . . . . . . 2 Swarmer 27 | . 4 . . . . 3 . . . 2 . . . 2 . 2 2 1 1 . . 5 . . . . 5 Grunt 52 | . 2 . . 2 . . 5 3 . 2 4 . . 4 . 2 . 3 1 2 8 6 . . 4 . 4 Brawler 4 | . . . . . . . 1 . 1 . . . . . . . . 1 . . . . . . 1 . . Duelist 2 | . . . 1 . . . . . . . . . . . . 1 . . . . . . . . . . . Protector 1 | . . . . . . . . . . . . . . . . . . 1 . . . . . . . . . Sentry 22 | . . . 3 . . . 4 1 2 . 2 . . . . 1 1 . . . 2 . 4 . 2 . . Specialist 2 | . . . . . . . . . . . . . . . . . . . . . . . . . . 2 . Hunter 16 | . . . . . . 1 1 . 1 3 . 1 . . 2 . 3 . . 2 . . . . . 2 . Programmer 13 | . . . . . . . . . . 1 . . . . . 1 . . . . . . . 1 . 5 5 Behemoth 1 | . . . . . . . . . . . . . . . . . . . . . 1 . . . . . . Cetus Guard 7 | . . . . . . . . . . . . . . . . . . . . . . 7 . . . . . Striker 1 | . . . . . . . . . . . . . . . . . . 1 . . . . . . . . . Executioner 1 | . . . . . . . . . . . . . . . . . . 1 . . . . . . . . . Assembled 8 | . . . . 8 . . . . . . . . . . . . . . . . . . . . . . . Thug 1 | . . . 1 . . . . . . . . . . . . . . . . . . . . . . . . Best Kill Streak 8 | . 3 . 3 6 . 3 4 3 3 4 5 1 . 2 2 4 4 8 1 2 4 4 4 1 6 7 7 Combat Bots Only 8 | . 2 . 2 6 . 3 4 3 3 2 5 1 . 2 2 4 4 8 1 2 3 4 4 1 6 4 5 Max Kills in Single Turn 4 | . 1 . 1 4 . 2 2 1 1 1 2 1 . 1 1 1 1 1 1 1 1 2 1 1 1 1 3 Gunslinging 1 | . . . . 1 . . . . . . . . . . . . . . . . . . . . . . . Exploded 4 | . . . . 4 . 2 1 . . . . . . . . . . . . 1 1 2 . . . 1 3 Melee 1 | . . . . . . . . . 1 . . . . . . . . . . . . . . . . . . Uniques/NPCs Destroyed . | . . . . . . . . . . . . . . . . . . . . . . . . . . . . Combat | -11 -10 -10 -9 -9 -9 -8 -8 -8 -8 -6 -6 -6 -6 -5 -5 -5 -5 -5 -4 -4 -4 -4 -4 -4 -3 -2 -1 -------- Run | Jun Mat Min Mat Min Exi Min Mat Sto Rec Fac Low Low Dat Pro Fac Upp Upp War Pro Fac Ext Cet Arc Hub Res Res Acc Damage Taken 7332 | . 66 11 150 553 . 39 264 421 156 289 191 284 . 123 63 202 248 368 10 137 931 813 141 273 346 988 265 Core 1117 | . 9 . 31 78 . . 20 117 27 15 15 22 . . . . 33 34 5 8 466 49 . 25 35 128 . Absorbed by Shields 1138 | . . . . . . . . . . 44 . . . . . . . 246 8 54 205 220 25 . 196 140 . Redirected to Shielding 7 | . 1 . 6 . . . . . . . . . . . . . . . . . . . . . . . . Regen/Repaired (Parts) 3733 | . 14 . . . . . 69 111 9 228 117 67 . 108 34 160 193 228 53 25 613 109 52 . 135 114 1294 Core Remaining (%) 86 | 100 . 96 . . . 72 . . 70 . . . . 93 . . . . 92 . . . . 52 97 91 100 Volleys Fired 468 | . 18 . 30 21 . 9 37 10 13 25 11 32 . 9 7 13 10 17 3 15 34 42 30 8 21 38 15 Largest 4 | . 2 . 2 2 . 2 3 3 3 3 2 2 . 1 1 1 1 2 2 3 4 4 4 4 4 3 3 Hottest 648 | . 40 . 46 46 . 46 96 73 172 171 130 124 . 64 64 64 125 122 122 382 648 410 209 263 263 187 247 Shots Fired 1016 | . 36 . 59 41 . 16 104 26 23 73 22 37 . 9 7 13 10 30 6 26 71 124 69 26 70 86 32 Gun 702 | . 36 . 59 40 . 14 101 26 10 48 11 5 . . . . . 13 3 7 27 79 46 21 62 76 18 Cannon 258 | . . . . . . . . . 13 25 11 32 . 9 7 13 10 13 3 6 30 42 23 5 8 . 8 Launcher 51 | . . . . 1 . 2 3 . . . . . . . . . . . . 13 13 3 . . . 10 6 Special 5 | . . . . . . . . . . . . . . . . . . 4 . . 1 . . . . . . Kinetic 524 | . 36 . 59 40 . 14 74 24 8 48 22 . . . . . . . . . 7 59 16 16 42 50 9 Thermal 364 | . . . . . . . 27 . 10 25 . 37 . 6 1 13 . . . 13 33 65 53 10 28 26 17 Explosive 22 | . . . . 1 . 2 3 . . . . . . . . . . . . . . . . . . 10 6 Electromagnetic 26 | . . . . . . . . 2 5 . . . . 3 6 . 10 . . . . . . . . . . Entropic 75 | . . . . . . . . . . . . . . . . . . 26 6 13 30 . . . . . . Robot Hit Streak 85 | . 11 . 36 32 . 45 48 56 20 16 30 32 . 16 23 36 46 52 21 12 71 85 17 8 22 26 31 Robot Miss Streak 3 | . 1 . 1 1 . . 1 1 . 2 . 1 . . . . . 1 1 1 . 1 2 2 1 3 2 Penetration Max 1 | . . . . . . . . . . . 1 . . . . . . . . . 1 1 . 1 1 1 . Secondary Targets 6 | . 1 . . 1 . . . 1 . . . . . . . . . . . . . . . . 1 2 . Max Gunslinging Chain 1 | . 1 . . 1 . . . 1 . . . . . . . . . . . . . . . . 1 1 . Shots Hit Robots 806 | . 26 . 53 39 . 13 90 24 33 54 20 9 . 9 7 13 10 23 5 12 61 89 54 16 60 69 17 Core Hits 352 | . 13 . 25 19 . 7 35 11 8 20 12 1 . 7 2 10 3 8 3 8 21 43 24 2 20 26 24 Critical Kills 9 | . . . . 1 . . . 1 1 . . . . . . . . . . . 1 1 1 . 1 1 1 Critical Parts Destroyed 17 | . . . 1 . . . 1 4 6 . . . . . . . . . . . 1 . . 1 1 2 . Critical Strikes 31 | . . . 1 1 . . 2 5 7 . . . . . . . . . . . 2 1 3 1 2 5 1 Burn 1 | . . . . . . . 1 . . . . . . . . . . . . . . . . . . . . Meltdown 1 | . . . . . . . . . . . . . . . . . . . . . . 1 . . . . . Destroy 14 | . . . 1 1 . . 1 . 1 . . . . . . . . . . . 1 . 2 1 2 3 1 Blast 3 | . . . . . . . . . . . . . . . . . . . . . . . 1 . . 2 . Smash 12 | . . . . . . . . 5 6 . . . . . . . . . . . 1 . . . . . . Melee Attacks 66 | . . . . . . . . 14 14 . . . . . . . . 3 . . 11 1 . . . 8 15 Impact 66 | . . . . . . . . 14 14 . . . . . . . . 3 . . 11 1 . . . 8 15 Slashing . | . . . . . . . . . . . . . . . . . . . . . . . . . . . . Piercing . | . . . . . . . . . . . . . . . . . . . . . . . . . . . . Sneak Attacks 6 | . . . . . . . . 6 . . . . . . . . . . . . . . . . . . . Combat Hostiles . | . . . . . . . . . . . . . . . . . . . . . . . . . . . . Follow-up Attacks . | . . . . . . . . . . . . . . . . . . . . . . . . . . . . Damage Inflicted 31173 | . 303 . 705 782 . 351 1616 1048 1591 1328 852 321 . 466 347 757 526 1788 438 1038 3244 3257 1915 863 1875 3369 2393 Guns 13874 | . 303 . 705 571 . 146 1315 274 174 751 324 127 . . . . . 668 102 232 1175 1614 969 589 1537 2072 226 Cannons 10144 | . . . . . . . . . 236 577 528 194 . 466 347 684 526 1120 336 336 1438 1488 946 274 338 . 310 Explosions 5122 | . . . . 211 . 205 301 . . . . . . . . 73 . . . 470 553 155 . . . 1297 1857 Melee 2033 | . . . . . . . . 774 1181 . . . . . . . . . . . 78 . . . . . . Ramming . | . . . . . . . . . . . . . . . . . . . . . . . . . . . . Kinetic 9228 | . 303 . 705 571 . 146 981 274 130 751 852 . . . . . . . . . 157 1026 346 501 1008 1384 93 Thermal 10463 | . . . . . . . 334 . 179 577 . 321 . 283 52 757 . . . 470 1330 2231 1569 362 867 688 443 Explosive 3871 | . . . . 211 . 205 301 . . . . . . . . . . . . . . . . . . 1297 1857 Electromagnetic 1105 | . . . . . . . . . 101 . . . . 183 295 . 526 . . . . . . . . . . Impact 2033 | . . . . . . . . 774 1181 . . . . . . . . . . . 78 . . . . . . Slashing . | . . . . . . . . . . . . . . . . . . . . . . . . . . . . Piercing . | . . . . . . . . . . . . . . . . . . . . . . . . . . . . Entropic 4473 | . . . . . . . . . . . . . . . . . . 1788 438 568 1679 . . . . . . Highest Corruption 15 | . . . . . . . . . . . . . . . . . . . . 1 2 2 4 2 3 15 2 Average Corruption 2 | . . . . . . . . . . . . . . . . . . . . 1 1 2 1 1 2 8 1 Corruption Purged 10 | . . . . . . . . . . . . . . . . . . . . . . . 5 . 3 . 2 Corruption Blocked 9 | . . . . . . . . . . . . . . . . . . 9 . . . . . . . . . Effects 42 | . . . . . . . . . . . . . . . . . . . . 2 16 10 5 . 1 6 2 Message Errors 12 | . . . . . . . . . . . . . . . . . . . . . 1 4 3 . 1 3 . Matter Fused 12 | . . . . . . . . . . . . . . . . . . . . . 7 1 . . . 2 2 Heat Flow Errors 8 | . . . . . . . . . . . . . . . . . . . . 1 4 . 2 . . 1 . Energy Discharges 3 | . . . . . . . . . . . . . . . . . . . . . . 3 . . . . . Parts Fused 1 | . . . . . . . . . . . . . . . . . . . . . 1 . . . . . . Data Loss (minor) 4 | . . . . . . . . . . . . . . . . . . . . . 2 2 . . . . . Alerts 2 | . . . . . . . . . . . . . . . . . . . . 1 1 . . . . . . Overload Shots . | . . . . . . . . . . . . . . . . . . . . . . . . . . . . Overflow Damage 1423 | . . . . . . 12 . 385 374 7 3 . . . . . 42 62 20 99 151 . 55 58 . 101 54 Projectiles 461 | . . . . . . . . . . 7 3 . . . . . 42 62 20 94 120 . 55 58 . . . Explosions 176 | . . . . . . 12 . . . . . . . . . . . . . 5 4 . . . . 101 54 Melee 786 | . . . . . . . . 385 374 . . . . . . . . . . . 27 . . . . . . Knockbacks 5 | . . . . . . . . . 1 . 4 . . . . . . . . . . . . . . . . Impact 1 | . . . . . . . . . 1 . . . . . . . . . . . . . . . . . . Kinetic 4 | . . . . . . . . . . . 4 . . . . . . . . . . . . . . . . Secondary . | . . . . . . . . . . . . . . . . . . . . . . . . . . . . Self-Inflicted Damage 47 | . . . . 5 . . . . . . . . . . . 42 . . . . . . . . . . . Shots 2 | . . . . 1 . . . . . . . . . . . 1 . . . . . . . . . . . Rammed . | . . . . . . . . . . . . . . . . . . . . . . . . . . . . Targets Rammed . | . . . . . . . . . . . . . . . . . . . . . . . . . . . . Kicked . | . . . . . . . . . . . . . . . . . . . . . . . . . . . . Crushed . | . . . . . . . . . . . . . . . . . . . . . . . . . . . . Highest Temperature 970 | . 21 . 2 14 . . 211 . 87 577 586 . . 12 . . 72 21 . 465 970 510 218 393 272 . . Average Temperature 139 | . 8 . 2 7 . . 66 . 36 139 279 . . 12 . . 31 10 . 143 229 243 96 193 137 . . Received Heat Transfer 1932 | . 39 9 45 236 . . 153 90 36 9 129 48 . 81 . 57 18 135 . 80 154 271 22 45 197 33 45 Effects 31 | . . . . . . . . . . 8 10 . . . . . . . . 2 7 2 . 2 . . . Shutdowns 9 | . . . . . . . . . . 3 3 . . . . . . . . 1 2 . . . . . . Interference 10 | . . . . . . . . . . 4 2 . . . . . . . . 1 1 . . 2 . . . Matter Decay 2 | . . . . . . . . . . . 2 . . . . . . . . . . . . . . . . Short Circuit 3 | . . . . . . . . . . 1 . . . . . . . . . . 2 . . . . . . Damage (minor) 3 | . . . . . . . . . . . 1 . . . . . . . . . . 2 . . . . . Damage (major) 2 | . . . . . . . . . . . 2 . . . . . . . . . . . . . . . . Damage (core) 2 | . . . . . . . . . . . . . . . . . . . . . 2 . . . . . . Siege Activations . | . . . . . . . . . . . . . . . . . . . . . . . . . . . . Robots Corrupted 6 | . . . . . . . . . 2 . . . . . 1 . 3 . . . . . . . . . . Combat Hostiles 6 | . . . . . . . . . 2 . . . . . 1 . 3 . . . . . . . . . . Parts Fried 22 | . . . . . . . . 3 8 . . . . . 4 . 7 . . . . . . . . . . Impact Corruptions 27 | . . . . . . . . 12 14 . . . . . . . . . . . 1 . . . . . . Robots Melted 5 | . . . . . . . . . . . . 1 . . . . . . . . . 2 . . 2 . . Combat Hostiles 5 | . . . . . . . . . . . . 1 . . . . . . . . . 2 . . 2 . . Parts Melted 24 | . . . . . . . 1 . 1 . . 2 . . . . . 1 . . 3 4 6 1 4 . 1 Heat Transferred 11384 | . . . . . . . 1036 . 222 740 . 333 . 300 . 50 . . . 720 1472 2387 1682 296 962 814 370 Parts Sabotaged . | . . . . . . . . . . . . . . . . . . . . . . . . . . . . Parts Stolen . | . . . . . . . . . . . . . . . . . . . . . . . . . . . . Parts Stripped . | . . . . . . . . . . . . . . . . . . . . . . . . . . . . Power Chain Reactions 1 | . . . . . . . . . . . . . . . . 1 . . . . . . . . . . . Missiles Intercepted . | . . . . . . . . . . . . . . . . . . . . . . . . . . . . Alert | -11 -10 -10 -9 -9 -9 -8 -8 -8 -8 -6 -6 -6 -6 -5 -5 -5 -5 -5 -4 -4 -4 -4 -4 -4 -3 -2 -1 ------- Run | Jun Mat Min Mat Min Exi Min Mat Sto Rec Fac Low Low Dat Pro Fac Upp Upp War Pro Fac Ext Cet Arc Hub Res Res Acc Peak Influence 456 | . 107 50 328 120 . 89 273 334 100 151 . . . . 142 . . . . 200 284 440 270 96 185 403 456 Initial 140 | . . . . 90 . . 24 82 11 50 . . . . 64 . . . . 65 72 2 80 1 37 78 140 Average 84 | . 33 13 125 46 . 8 124 74 29 52 . . . . 93 . . . . 125 90 228 150 33 71 170 172 Maximum Alert Level 2 | . . . 1 . . . 1 1 . . . . . . . . . . . 1 1 2 1 . . 2 2 Low Security (%) 84 | . 100 100 69 100 . 100 74 82 100 100 . . . . 100 . . . . 94 86 29 42 100 100 74 60 Level 1 14 | . . . 30 . . . 25 17 . . . . . . . . . . . 5 13 66 57 . . 24 39 Level 2 . | . . . . . . . . . . . . . . . . . . . . . . 4 . . . 1 . Level 3 . | . . . . . . . . . . . . . . . . . . . . . . . . . . . . Level 4 . | . . . . . . . . . . . . . . . . . . . . . . . . . . . . Level 5 . | . . . . . . . . . . . . . . . . . . . . . . . . . . . . High Security . | . . . . . . . . . . . . . . . . . . . . . . . . . . . . Max Security . | . . . . . . . . . . . . . . . . . . . . . . . . . . . . Squads Dispatched 34 | . . . 1 . . . 4 4 . 6 . . . . 2 . . . . 4 2 1 . 3 1 3 3 Investigation 8 | . . . . . . . . . . 2 . . . . 1 . . . . 2 1 1 . . . 1 . Extermination 7 | . . . . . . . . . . 2 . . . . 1 . . . . . . . . . 1 1 2 Reinforcement 15 | . . . 1 . . . 1 4 . 2 . . . . . . . . . 2 1 . . 2 . 1 1 Assault . | . . . . . . . . . . . . . . . . . . . . . . . . . . . . Garrison 4 | . . . . . . . 3 . . . . . . . . . . . . . . . . 1 . . . Intercept . | . . . . . . . . . . . . . . . . . . . . . . . . . . . . Searches Triggered . | . . . . . . . . . . . . . . . . . . . . . . . . . . . . Data Miner Redirects 2 | . . . . . . . . . . . . . . . . . . . . 1 . . . . . 1 . Construction Impeded 3 | . . . . . . . . . . . . . . . . . . . . 1 1 . . 1 . . . Haulers Reinforced . | . . . . . . . . . . . . . . . . . . . . . . . . . . . . Active Scanning Responses . | . . . . . . . . . . . . . . . . . . . . . . . . . . . . Cargo Convoy Interrupts . | . . . . . . . . . . . . . . . . . . . . . . . . . . . . Stealth | -11 -10 -10 -9 -9 -9 -8 -8 -8 -8 -6 -6 -6 -6 -5 -5 -5 -5 -5 -4 -4 -4 -4 -4 -4 -3 -2 -1 --------- Run | Jun Mat Min Mat Min Exi Min Mat Sto Rec Fac Low Low Dat Pro Fac Upp Upp War Pro Fac Ext Cet Arc Hub Res Res Acc Distress Signals 14 | . 1 . 2 . . . 1 3 . 1 . . . . . . . . . 1 1 2 . . 1 1 . Communications Jammed . | . . . . . . . . . . . . . . . . . . . . . . . . . . . . Distress Signals . | . . . . . . . . . . . . . . . . . . . . . . . . . . . . Times Spotted 285 | . 11 2 15 25 . 3 17 11 6 12 8 2 . 12 3 7 7 16 4 6 25 27 16 9 8 18 15 Peak Tracking Total 13 | . 3 2 5 10 . 3 5 4 3 4 5 1 . 4 2 3 4 13 2 4 4 7 2 8 6 6 5 Tactical Retreats 10 | . . . . . . . . 2 . . . . . . . . 1 . . . 2 . . . 2 3 . Traps | -11 -10 -10 -9 -9 -9 -8 -8 -8 -8 -6 -6 -6 -6 -5 -5 -5 -5 -5 -4 -4 -4 -4 -4 -4 -3 -2 -1 ------- Run | Jun Mat Min Mat Min Exi Min Mat Sto Rec Fac Low Low Dat Pro Fac Upp Upp War Pro Fac Ext Cet Arc Hub Res Res Acc Traps Triggered 12 | . 2 . . . . . . . . 1 . . . . . . . . . 3 4 . . . 1 . 1 Indirectly . | . . . . . . . . . . . . . . . . . . . . . . . . . . . . Trap Hack Attempts . | . . . . . . . . . . . . . . . . . . . . . . . . . . . . Triggered . | . . . . . . . . . . . . . . . . . . . . . . . . . . . . Disarmed . | . . . . . . . . . . . . . . . . . . . . . . . . . . . . Reprogrammed . | . . . . . . . . . . . . . . . . . . . . . . . . . . . . Reused . | . . . . . . . . . . . . . . . . . . . . . . . . . . . . Traps Extracted . | . . . . . . . . . . . . . . . . . . . . . . . . . . . . Installed . | . . . . . . . . . . . . . . . . . . . . . . . . . . . . Triggered 32 | . . . . . . . . . . . . . . . . . . 31 1 . . . . . . . . Machines | -11 -10 -10 -9 -9 -9 -8 -8 -8 -8 -6 -6 -6 -6 -5 -5 -5 -5 -5 -4 -4 -4 -4 -4 -4 -3 -2 -1 ---------- Run | Jun Mat Min Mat Min Exi Min Mat Sto Rec Fac Low Low Dat Pro Fac Upp Upp War Pro Fac Ext Cet Arc Hub Res Res Acc Machines Disabled 26 | . . . 1 . . . 1 4 . 2 2 . . . . . . . . 4 2 1 6 . 1 1 1 Max in Single Turn 1 | . . . . . . . 1 1 . 1 1 . . . . . . . . 1 1 1 1 . 1 1 1 Machines Repaired . | . . . . . . . . . . . . . . . . . . . . . . . . . . . . Machines Sabotaged . | . . . . . . . . . . . . . . . . . . . . . . . . . . . . Overloaded Fab Kills . | . . . . . . . . . . . . . . . . . . . . . . . . . . . . Hacking | -11 -10 -10 -9 -9 -9 -8 -8 -8 -8 -6 -6 -6 -6 -5 -5 -5 -5 -5 -4 -4 -4 -4 -4 -4 -3 -2 -1 --------- Run | Jun Mat Min Mat Min Exi Min Mat Sto Rec Fac Low Low Dat Pro Fac Upp Upp War Pro Fac Ext Cet Arc Hub Res Res Acc Machines Accessed 70 | . 5 1 6 . 1 . 1 6 7 4 . . 4 . 1 . . 10 . 4 6 2 1 . 3 3 5 Terminals 42 | . 4 . 5 . . . . 5 5 3 . . . . 1 . . . . 4 5 2 . . 1 2 5 Fabricators . | . . . . . . . . . . . . . . . . . . . . . . . . . . . . Repair Stations 8 | . 1 . . . . . 1 1 . 1 . . . . . . . . . . 1 . . . 2 1 . Recycling Units 2 | . . . . . . . . . 2 . . . . . . . . . . . . . . . . . . Scanalyzers 1 | . . . 1 . . . . . . . . . . . . . . . . . . . . . . . . Garrison Access . | . . . . . . . . . . . . . . . . . . . . . . . . . . . . Total Hacks 232 | . 18 1 26 . 1 . 3 21 21 13 . . 28 . 3 . . 17 . 11 15 4 25 . 5 10 10 Successful 174 | . 13 1 19 . 1 . 2 15 12 7 . . 28 . 2 . . 17 . 5 7 4 25 . 5 5 6 Failed 58 | . 5 . 7 . . . 1 6 9 6 . . . . 1 . . . . 6 8 . . . . 5 4 Catastrophic 9 | . . . 1 . . . . . 3 . . . . . . . . . . 2 1 . . . . 2 . Database Lockouts . | . . . . . . . . . . . . . . . . . . . . . . . . . . . . Manual 89 | . 10 . 17 . 1 . . 11 6 11 . . . . 3 . . 2 . 6 7 2 4 . . 4 5 Terminals 129 | . 16 . 21 . . . . 17 15 11 . . . . 3 . . . . 11 13 4 . . 1 7 10 Fabricators . | . . . . . . . . . . . . . . . . . . . . . . . . . . . . Repair Stations 20 | . 2 . . . . . 3 4 . 2 . . . . . . . . . . 2 . . . 4 3 . Recycling Units 6 | . . . . . . . . . 6 . . . . . . . . . . . . . . . . . . Scanalyzers 5 | . . . 5 . . . . . . . . . . . . . . . . . . . . . . . . Garrison Access . | . . . . . . . . . . . . . . . . . . . . . . . . . . . . Terminal Hacks 121 | . 5 1 10 . 1 . . 8 5 2 . . 28 . 1 . . 17 . 3 3 4 25 . 1 2 5 Record 58 | . . . . . . . . . . . . . 11 . . . . 15 . . . 4 25 . . . 3 Part Schematic 11 | . . . . . . . . . 1 . . . 10 . . . . . . . . . . . . . . Robot Schematic 4 | . . . . . . . . . . . . . 4 . . . . . . . . . . . . . . Robot Analysis 12 | . 2 . 4 . . . . 2 1 1 . . . . . . . . . . 1 . . . . 1 . Prototype ID Bank 9 | . 2 . 1 . . . . . 3 . . . 3 . . . . . . . . . . . . . . Open Door 7 | . . 1 . . . . . 2 . . . . . . . . . 2 . . 1 . . . . . 1 Open DSF 1 | . . . . . . . . . . . . . . . . . . . . . . . . . 1 . . Level Access Points 1 | . . . . . . . . . . . . . . . . . . . . . . . . . . 1 . Branch Access Points 4 | . . . 1 . . . . . . 1 . . . . 1 . . . . 1 . . . . . . . Machine Index 1 | . . . 1 . . . . . . . . . . . . . . . . . . . . . . . . Terminal Index 3 | . . . 1 . . . . 1 . . . . . . . . . . . . . . . . . . 1 Scanalyzer Index 1 | . . . 1 . . . . . . . . . . . . . . . . . . . . . . . . Locate Traps 1 | . . . . . . . . 1 . . . . . . . . . . . . . . . . . . . Recall Investigation 1 | . . . . . . . . . . . . . . . . . . . . . 1 . . . . . . Recall Reinforcements 3 | . . . 1 . . . . . . . . . . . . . . . . 2 . . . . . . . Hauler Manifests 1 | . 1 . . . . . . . . . . . . . . . . . . . . . . . . . . Zone Layout 2 | . . . . . . . . 2 . . . . . . . . . . . . . . . . . . . EX-Prototype ID Bank 1 | . . . . . 1 . . . . . . . . . . . . . . . . . . . . . . Fabricator Hacks . | . . . . . . . . . . . . . . . . . . . . . . . . . . . . Repair Station Hacks 17 | . 2 . . . . . 2 4 . 2 . . . . . . . . . . 2 . . . 4 1 . Scan Component 9 | . 1 . . . . . 1 2 . 1 . . . . . . . . . . 1 . . . 2 1 . Repair 8 | . 1 . . . . . 1 2 . 1 . . . . . . . . . . 1 . . . 2 . . Recycling Unit Hacks 3 | . . . . . . . . . 3 . . . . . . . . . . . . . . . . . . Report Inventory 2 | . . . . . . . . . 2 . . . . . . . . . . . . . . . . . . Retrieve Components 1 | . . . . . . . . . 1 . . . . . . . . . . . . . . . . . . Scanalyzer 5 | . . . 5 . . . . . . . . . . . . . . . . . . . . . . . . Insert Component 2 | . . . 2 . . . . . . . . . . . . . . . . . . . . . . . . Analyze 3 | . . . 3 . . . . . . . . . . . . . . . . . . . . . . . . Garrison Access Hacks . | . . . . . . . . . . . . . . . . . . . . . . . . . . . . Unauthorized Hacks 28 | . 6 . 4 . . . . 3 4 3 . . . . 1 . . . . 2 2 . . . . 2 1 Terminals 26 | . 6 . 4 . . . . 3 2 3 . . . . 1 . . . . 2 2 . . . . 2 1 Track 1 | . 1 . . . . . . . . . . . . . . . . . . . . . . . . . . Botnet 24 | . 4 . 4 . . . . 3 2 3 . . . . 1 . . . . 2 2 . . . . 2 1 Operators 1 | . 1 . . . . . . . . . . . . . . . . . . . . . . . . . . Fabricators . | . . . . . . . . . . . . . . . . . . . . . . . . . . . . Repair Stations . | . . . . . . . . . . . . . . . . . . . . . . . . . . . . Recycling Units 2 | . . . . . . . . . 2 . . . . . . . . . . . . . . . . . . Reject 1 | . . . . . . . . . 1 . . . . . . . . . . . . . . . . . . Mask 1 | . . . . . . . . . 1 . . . . . . . . . . . . . . . . . . Scanalyzers . | . . . . . . . . . . . . . . . . . . . . . . . . . . . . Garrison Access . | . . . . . . . . . . . . . . . . . . . . . . . . . . . . Data Cores Recovered 2 | . . . 1 . . . . . . . . . . . . . . . . . . . . . . 1 . Used . | . . . . . . . . . . . . . . . . . . . . . . . . . . . . Hacking Detections 46 | . 5 . 6 . . . 1 3 7 3 . . . . 1 . . . . 3 5 1 . . 3 3 5 Full Trace Events 8 | . . . 2 . . . . . 1 1 . . . . 1 . . . . 1 . 1 . . . 1 . Feedback Events 1 | . . . . . . . . . . . . . . . . . . . . 1 . . . . . . . Corruption 1 | . . . . . . . . . . . . . . . . . . . . 1 . . . . . . . Feedback Blocked . | . . . . . . . . . . . . . . . . . . . . . . . . . . . . Robot Schematics Acquired 4 | . . . . . . . . . . . . . 4 . . . . . . . . . . . . . . Robots Built . | . . . . . . . . . . . . . . . . . . . . . . . . . . . . Authchips . | . . . . . . . . . . . . . . . . . . . . . . . . . . . . Time . | . . . . . . . . . . . . . . . . . . . . . . . . . . . . Total Robot Build Rating . | . . . . . . . . . . . . . . . . . . . . . . . . . . . . Part Schematics Acquired 13 | . . . 2 . . . . . 1 . . . 10 . . . . . . . . . . . . . . Parts Built . | . . . . . . . . . . . . . . . . . . . . . . . . . . . . Authchips . | . . . . . . . . . . . . . . . . . . . . . . . . . . . . Time . | . . . . . . . . . . . . . . . . . . . . . . . . . . . . Total Part Build Rating . | . . . . . . . . . . . . . . . . . . . . . . . . . . . . Parts Repaired 8 | . 1 . . . . . 1 2 . 1 . . . . . . . . . . 1 . . . 2 . . Time 227 | . 26 . . . . . 51 52 . 38 . . . . . . . . . . 13 . . . 47 . . Parts Recycled . | . . . . . . . . . . . . . . . . . . . . . . . . . . . . Recycled Matter . | . . . . . . . . . . . . . . . . . . . . . . . . . . . . Retrieved Matter . | . . . . . . . . . . . . . . . . . . . . . . . . . . . . Retrieved Components 3 | . . . . . . . . . 3 . . . . . . . . . . . . . . . . . . Parts Scanalyzed 2 | . . . 2 . . . . . . . . . . . . . . . . . . . . . . . . Part Schematics Acquired 2 | . . . 2 . . . . . . . . . . . . . . . . . . . . . . . . Parts Damaged . | . . . . . . . . . . . . . . . . . . . . . . . . . . . . Bothacking | -11 -10 -10 -9 -9 -9 -8 -8 -8 -8 -6 -6 -6 -6 -5 -5 -5 -5 -5 -4 -4 -4 -4 -4 -4 -3 -2 -1 ------------ Run | Jun Mat Min Mat Min Exi Min Mat Sto Rec Fac Low Low Dat Pro Fac Upp Upp War Pro Fac Ext Cet Arc Hub Res Res Acc Used RIF Installer . | . . . . . . . . . . . . . . . . . . . . . . . . . . . . Robots Hacked 1 | . . . . . . . . . . . . . . . . . . 1 . . . . . . . . . Non-combat . | . . . . . . . . . . . . . . . . . . . . . . . . . . . . Combat 1 | . . . . . . . . . . . . . . . . . . 1 . . . . . . . . . Robot Hacks Applied 1 | . . . . . . . . . . . . . . . . . . 1 . . . . . . . . . parse_system 1 | . . . . . . . . . . . . . . . . . . 1 . . . . . . . . . Relay Couplers Released . | . . . . . . . . . . . . . . . . . . . . . . . . . . . . Fabnet Peak Effective % . | . . . . . . . . . . . . . . . . . . . . . . . . . . . . Robots Rewired 10 | . . . . . . . . . 5 . . . . . . . . 5 . . . . . . . . . Allies Hacked . | . . . . . . . . . . . . . . . . . . . . . . . . . . . . Hacks Repelled . | . . . . . . . . . . . . . . . . . . . . . . . . . . . . Allies | -11 -10 -10 -9 -9 -9 -8 -8 -8 -8 -6 -6 -6 -6 -5 -5 -5 -5 -5 -4 -4 -4 -4 -4 -4 -3 -2 -1 -------- Run | Jun Mat Min Mat Min Exi Min Mat Sto Rec Fac Low Low Dat Pro Fac Upp Upp War Pro Fac Ext Cet Arc Hub Res Res Acc Total Allies 29 | . . 2 . . . . . 10 5 . . . . 1 . . . 5 . . 6 . . . . . . Largest Group 10 | . . 2 1 . . . . 10 5 3 . . . 1 . . . 5 4 3 5 3 . . . . . Highest-Rated Group 335 | . . 41 31 . . . . 173 115 79 . . . 96 . . . 237 196 147 335 225 . . . . . Highest-Rated Ally 159 | . . 31 31 . . . . 29 34 34 . . . 96 . . . 65 65 65 159 143 . . . . . Total Orders 15 | . . . . . . . . 15 . . . . . . . . . . . . . . . . . . . ROAM 9 | . . . . . . . . 9 . . . . . . . . . . . . . . . . . . . EXPLORE 6 | . . . . . . . . 6 . . . . . . . . . . . . . . . . . . . Ally Attacks 347 | . . 7 27 . . . . 81 2 . . . . 16 . . . 42 10 2 90 70 . . . . . Total Damage 8010 | . . 105 375 . . . . 1091 57 . . . . 516 . . . 1724 301 113 2453 1275 . . . . . Kills 55 | . . 2 6 . . . . 10 2 . . . . 6 . . . 8 4 . 10 7 . . . . . Allies Corrupted . | . . . . . . . . . . . . . . . . . . . . . . . . . . . . Allies Melted 3 | . . . . . . . . . . . . . . 1 . . . 2 . . . . . . . . . Intel | -11 -10 -10 -9 -9 -9 -8 -8 -8 -8 -6 -6 -6 -6 -5 -5 -5 -5 -5 -4 -4 -4 -4 -4 -4 -3 -2 -1 ------- Run | Jun Mat Min Mat Min Exi Min Mat Sto Rec Fac Low Low Dat Pro Fac Upp Upp War Pro Fac Ext Cet Arc Hub Res Res Acc Robot Analysis Total 12 | . 2 . 4 . . . . 2 1 1 . . . . . . . . . . 1 . . . . 1 . Derelict Logs Recovered 7 | . . 1 . . . . . . . . 2 . . 1 . . 1 . 2 . . . . . . . . Drone Launches 14 | . . . . . . . . 14 . . . . . . . . . . . . . . . . . . . Drone Recoveries . | . . . . . . . . . . . . . . . . . . . . . . . . . . . . Exploration | -11 -10 -10 -9 -9 -9 -8 -8 -8 -8 -6 -6 -6 -6 -5 -5 -5 -5 -5 -4 -4 -4 -4 -4 -4 -3 -2 -1 ------------- Run | Jun Mat Min Mat Min Exi Min Mat Sto Rec Fac Low Low Dat Pro Fac Upp Upp War Pro Fac Ext Cet Arc Hub Res Res Acc Turns Passed 23460 | . 1082 1268 790 1056 1959 576 743 1319 1472 1110 689 663 136 670 312 763 858 2121 309 292 1700 624 569 96 523 602 1158 Spaces Moved 12586 | 1 431 518 327 404 488 352 318 661 819 591 551 457 100 432 202 430 403 916 244 198 1264 399 327 65 358 422 908 Core 33 | . 19 . . . . . . . . . . . . . . . . 13 . . 1 . . . . . . Treads 7006 | . 359 518 327 404 487 . 245 661 814 131 15 . . 121 202 240 403 690 186 90 245 80 . . . . 788 Legs 3927 | 1 53 . . . . . . . . 460 241 261 100 311 . 190 . 136 58 108 397 319 327 65 358 422 120 Wheels 799 | . . . . . 1 352 73 . 5 . 172 196 . . . . . . . . . . . . . . . Hover 621 | . . . . . . . . . . . . . . . . . . . . . 621 . . . . . . Flight 200 | . . . . . . . . . . . 123 . . . . . . 77 . . . . . . . . . Fastest Speed 55 | 120 120 240 160 240 145 145 145 152 132 149 55 121 137 137 148 148 200 110 110 124 85 107 107 107 107 107 107 Average Speed 164 | 120 228 240 204 240 399 145 158 155 163 165 115 130 137 148 148 166 206 219 122 124 115 111 107 107 107 107 108 Slowest Speed 2150 | 120 300 240 240 240 400 145 400 160 256 224 199 137 137 198 148 200 228 1550 124 124 2150 130 107 107 107 107 119 Overloaded Moves . | . . . . . . . . . . . . . . . . . . . . . . . . . . . . Propulsion Burnouts . | . . . . . . . . . . . . . . . . . . . . . . . . . . . . Robots Hopped 7 | . . . . . . . . . . . . . . . . . . 7 . . . . . . . . . Cave-ins Triggered 3 | . . . . . . . . 1 . . . . . . . . . 1 . . 1 . . . . . . Exploration Rate (%) 52 | 2 63 97 39 75 91 58 26 78 90 16 65 59 70 56 5 60 51 95 41 6 98 93 98 8 10 10 22 Regions Visited 27 Branch Regions 18 Pre-discovered Areas 2 | . . 1 . . . . . . . . . . 1 . . . . . . . . . . . . . . Known Exits Taken 27 | 1 1 1 1 1 1 1 1 1 1 1 1 1 1 1 1 1 1 1 1 1 1 1 1 1 1 1 . Unknown Exits Taken . | . . . . . . . . . . . . . . . . . . . . . . . . . . . . Scrap Searched 12 | . . 1 . 1 . . . . . . 3 3 . 1 . 1 2 . . . . . . . . . . Spaces Dug 116 | . . . . . . . . 3 . 1 . 27 . . . . . 3 . 24 32 1 . . . 8 17 Terrain Destroyed 337 | . . . . 4 . 21 15 3 . 2 5 28 . . . 7 . 9 2 36 63 16 8 10 7 57 44 Melee 37 | . . . . . . . . 3 . . . . . . . . . 3 . . 8 1 . . . 7 15 Projectile 117 | . . . . . . . . . . 2 5 28 . . . . . 6 2 9 22 13 8 10 7 1 4 AOE 183 | . . . . 4 . 21 15 . . . . . . . . 7 . . . 27 33 2 . . . 49 25 Terrain Rammed . | . . . . . . . . . . . . . . . . . . . . . . . . . . . . Walls Destroyed . | . . . . . . . . . . . . . . . . . . . . . . . . . . . . Machines Disabled . | . . . . . . . . . . . . . . . . . . . . . . . . . . . . Actions | -11 -10 -10 -9 -9 -9 -8 -8 -8 -8 -6 -6 -6 -6 -5 -5 -5 -5 -5 -4 -4 -4 -4 -4 -4 -3 -2 -1 --------- Run | Jun Mat Min Mat Min Exi Min Mat Sto Rec Fac Low Low Dat Pro Fac Upp Upp War Pro Fac Ext Cet Arc Hub Res Res Acc Total 14361 | . 499 544 397 451 500 401 478 905 916 670 580 488 99 450 208 466 418 988 248 220 1415 489 489 73 452 491 1026 Wait 836 | . 33 23 7 8 . 39 95 146 12 48 18 . . 8 . 23 3 19 2 . 58 33 124 . 56 12 69 Move 12544 | . 430 517 326 403 487 351 317 660 818 590 550 456 99 431 201 429 402 901 243 197 1263 398 326 64 357 421 907 Hop 6 | . . . . . . . . . . . . . . . . . . 6 . . . . . . . . . Pick Up 120 | . 11 3 17 4 4 . 7 13 6 1 . . . 1 . 1 3 8 . 3 20 3 3 . 8 1 3 Fast Attach 17 | . . . 1 1 . . 3 8 . . . . . . . . . . . 1 3 . . . . . . Attach 64 | . 3 . 5 1 . . 2 4 5 4 1 . . . . . . 2 . 3 8 3 2 1 6 5 9 Detach 18 | . . . . . . . . 2 2 . . . . . . . . . . . 5 1 . . 1 3 4 Swap 50 | . 2 . 1 6 3 2 7 10 1 . . . . . . . . 2 . 1 6 3 2 . . 1 3 Drop 102 | . 2 1 10 7 6 . 10 21 18 2 . . . 1 . . . 4 . . 7 5 2 . 3 2 1 Fire 468 | . 18 . 30 21 . 9 37 10 13 25 11 32 . 9 7 13 10 17 3 15 34 42 30 8 21 38 15 Melee 66 | . . . . . . . . 14 14 . . . . . . . . 3 . . 11 1 . . . 8 15 Ram . | . . . . . . . . . . . . . . . . . . . . . . . . . . . . Kick . | . . . . . . . . . . . . . . . . . . . . . . . . . . . . Crush . | . . . . . . . . . . . . . . . . . . . . . . . . . . . . Escape Stasis 1 | . . . . . . . . . . . . . . . . . . 1 . . . . . . . . . Rewire 62 | . . . . . . . . 10 27 . . . . . . . . 25 . . . . . . . . . Trap . | . . . . . . . . . . . . . . . . . . . . . . . . . . . . Miscellaneous 7 | . . . . . . . . 7 . . . . . . . . . . . . . . . . . . . Route ------- -11/Junkyard -10/Materials (discovered 2 exits: *Mat / *Min) -10/Mines (discovered 2 exits: *Mat x2) -9/Materials (discovered 3 exits: *Mat / *Min x2) -9/Mines -9/Exiles -8/Mines -8/Materials -8/Storage (discovered 2 exits: *Fac / *Rec) -8/Recycling -6/Factory (discovered 2 exits: *Low x2) -6/Lower Caves -6/Lower Caves -6/Data Miner -5/Proximity Caves -5/Factory (discovered 2 exits: *Upp x2) -5/Upper Caves -5/Upper Caves -5/Warlord -4/Proximity Caves -4/Factory (discovered 4 exits: Upp x2 / *Ext x2) -4/Extension (discovered 3 exits: *Res x2 / *Cet) -4/Cetus (discovered 3 exits: *Res x2 / *Arc) -4/Archives (discovered 3 exits: *Res / *Hub x2) -4/Hub_04(d) -3/Research -2/Research (discovered 3 exits: *Acc x3) -1/Access To Epsilon Eridani History --------- Turn | Location | Event 1 | -11/Junkyard | Identified exit to Materials 1 | -11/Junkyard | Discovered exit to Materials (range 0) 1 | -11/Junkyard | Entered Materials 1 | -10/Materials | Evolved 1 slot: Utility x1 215 | -10/Materials | Identified exit to Mines 215 | -10/Materials | Discovered exit to Mines (range 15) 305 | -10/Materials | Build established: Hacker-Mutant 476 | -10/Materials | Repaired Lgt. Ion Engine 909 | -10/Materials | Identified exit to Materials 909 | -10/Materials | Discovered exit to Materials (range 8) 1083 | -10/Materials | Entered Mines 1086 | -10/Mines | Met a Derelict bent on vengeance 1117 | -10/Mines | Discovered exit to Materials (range 12) 1235 | -10/Mines | Learned location of Storage (-8) 1666 | -10/Mines | Learned Materials stockpile data 1780 | -10/Mines | Found the Drone Emporium 1800 | -10/Mines | Found Prototype Device 2322 | -10/Mines | Discovered exit to Materials (range 11) 2351 | -10/Mines | Entered Materials 2351 | -9/Materials | Accompanied by 1 ally 2351 | -9/Materials | Evolved 2 slots: Propulsion x1, Utility x1 2356 | -9/Materials | Led the pair of lost Derelicts to an unsafe place 2883 | -9/Materials | Identified exit to Materials 2883 | -9/Materials | Discovered exit to Materials (range 11) 2931 | -9/Materials | Identified exit to Mines 3141 | -9/Materials | Entered Mines 3198 | -9/Mines | Found a damaged Exp. Sensor Array with a note attached 3203 | -9/Mines | Found Prototype Device 3314 | -9/Mines | Joined a pair of Derelicts in attacking an 0b10 outpost 3460 | -9/Mines | Found a hidden stash of uninstalled traps 3509 | -9/Mines | Assembled infested the area 4182 | -9/Mines | Deemed a non-threat by the Exiles lab entrance 4182 | -9/Mines | Identified exit to Exiles 4182 | -9/Mines | Discovered exit to Exiles (range 5) 4197 | -9/Mines | Entered Exiles 4348 | -9/Exiles | Met 8R-AWN 4412 | -9/Exiles | Met EX-HEX 4532 | -9/Exiles | Met EX-BIN 4788 | -9/Exiles | Aligned with FarCom system 4792 | -9/Exiles | Given EX-Vault access code 4896 | -9/Exiles | Opened EX-Vault 4918 | -9/Exiles | Found AWS/Autocannon 5003 | -9/Exiles | Warned to stay clear of 0b10 Research branches 5255 | -9/Exiles | Met EX-DEC 5440 | -9/Exiles | Visited The Gauntlet 6104 | -9/Exiles | Identified exit to Mines 6104 | -9/Exiles | Discovered exit to Mines (range 14) 6156 | -9/Exiles | Left Exiles lab with AWS/Autocannon 6156 | -9/Exiles | Entered Mines 6714 | -8/Mines | Discovered exit to Materials (range 13) 6732 | -8/Mines | Entered Materials 6732 | -8/Materials | Evolved 2 slots: Propulsion x1, Weapon x1 7041 | -8/Materials | Build established: Hacker-Gunner 7109 | -8/Materials | Repaired Cld. Ion Engine 7241 | -8/Materials | Garrison activated, responded to threat 7401 | -8/Materials | Identified exit to Storage 7401 | -8/Materials | Discovered exit to Storage (range 16) 7475 | -8/Materials | Entered Storage 7686 | -8/Storage | Assisted by bots powering up and referring to "LRC-V3" 7905 | -8/Storage | Identified exit to Recycling 7905 | -8/Storage | Discovered exit to Recycling (range 9) 8028 | -8/Storage | Repaired Lgt. Treads 8055 | -8/Storage | Repaired Lgt. Treads 8127 | -8/Storage | Build established: Hacker-Mutant 8260 | -8/Storage | Identified Exp. Sensor Array 8262 | -8/Storage | Identified Decoy Drone Bay 8335 | -8/Storage | Identified exit to Factory 8335 | -8/Storage | Discovered exit to Factory (range 15) 8786 | -8/Storage | Crushed by falling debris 8794 | -8/Storage | Entered Recycling 8794 | -8/Recycling | Accompanied by 1 ally 8795 | -8/Recycling | Joined Warlord attack on 0b10 via Recycling 8804 | -8/Recycling | Found Scrap Engine 9206 | -8/Recycling | Identified exit to Factory 9206 | -8/Recycling | Discovered exit to Factory (range 5) 9802 | -8/Recycling | Build established: Commander-Skirmisher 10213 | -8/Recycling | Build established: Hacker-Construct 10266 | -8/Recycling | Entered Factory 10266 | -6/Factory | Accompanied by 3 allies 10266 | -6/Factory | Evolved 4 slots: Power x1, Propulsion x1, Utility x2 11015 | -6/Factory | Repaired Reflective Plating 11226 | -6/Factory | Identified exit to Lower Caves 11376 | -6/Factory | Entered Lower Caves 11422 | -6/Lower Caves | Encountered a Warlord checkpoint 11449 | -6/Lower Caves | Attracted the attention of an 0b10 base 11535 | -6/Lower Caves | Identified exit to Lower Caves 11647 | -6/Lower Caves | Attracted the attention of an 0b10 checkpoint 12009 | -6/Lower Caves | Learned Factory trap positions 12065 | -6/Lower Caves | Entered another Lower Caves area 12245 | -6/Lower Caves | Encountered a Warlord checkpoint 12344 | -6/Lower Caves | Spotted B-75 Beast 12711 | -6/Lower Caves | Identified exit to Data Miner 12711 | -6/Lower Caves | Discovered exit to Data Miner (range 12) 12728 | -6/Lower Caves | Entered Data Miner 12728 | -6/Data Miner | Identified exit to Proximity Caves 12728 | -6/Data Miner | Discovered exit to Proximity Caves (range 6) 12755 | -6/Data Miner | Met Data Miner 12789 | -6/Data Miner | Learned location of Section 7 (-2) 12789 | -6/Data Miner | Acquired the access code to Warlord's prototype stash 12823 | -6/Data Miner | Received God Mode back door access code from Data Miner 12864 | -6/Data Miner | Entered Proximity Caves 13184 | -5/Proximity Caves | Escorted by Enhanced Grunt 13282 | -5/Proximity Caves | Learned Factory garrison access intel 13509 | -5/Proximity Caves | Found Prototype Device 13517 | -5/Proximity Caves | Identified exit to Factory 13517 | -5/Proximity Caves | Discovered exit to Factory (range 7) 13534 | -5/Proximity Caves | Entered Factory 13534 | -5/Factory | Evolved 2 slots: Propulsion x1, Weapon x1 13535 | -5/Factory | Loaded intel: 89 trap records 13536 | -5/Factory | Loaded intel: 3 garrison access locations 13564 | -5/Factory | Identified exit to Upper Caves 13846 | -5/Factory | Entered Upper Caves 14053 | -5/Upper Caves | Attracted the attention of an 0b10 checkpoint 14529 | -5/Upper Caves | Identified exit to Upper Caves 14529 | -5/Upper Caves | Discovered exit to Upper Caves (range 8) 14609 | -5/Upper Caves | Entered another Upper Caves area 14862 | -5/Upper Caves | Encountered a Warlord checkpoint 15151 | -5/Upper Caves | Attracted the attention of an 0b10 checkpoint 15403 | -5/Upper Caves | Identified exit to Warlord 15403 | -5/Upper Caves | Discovered exit to Warlord (range 12) 15414 | -5/Upper Caves | Learned Factory interactive machine intel 15467 | -5/Upper Caves | Entered Warlord 15620 | -5/Warlord | Identified exit to Proximity Caves 15620 | -5/Warlord | Discovered exit to Proximity Caves (range 14) 16388 | -5/Warlord | Visited the Vortex Lab 16389 | -5/Warlord | Warlord's base attacked by MAIN.C 16739 | -5/Warlord | Warlord forces counterattacked 16918 | -5/Warlord | Met Warlord 16989 | -5/Warlord | Opened Warlord's prototype stash 17029 | -5/Warlord | Found Prototype Processor 17032 | -5/Warlord | Found Prototype Device 17064 | -5/Warlord | Warlord base infiltrated, sounded retreat 17065 | -5/Warlord | Enhanced Grunt warped into view 17065 | -5/Warlord | Enhanced Grunt warped into view 17065 | -5/Warlord | Enhanced Grunt warped into view 17065 | -5/Warlord | Enhanced Demolisher warped into view 17065 | -5/Warlord | Enhanced Demolisher warped into view 17065 | -5/Warlord | Enhanced Demolisher warped into view 17495 | -5/Warlord | Spotted Striker 17503 | -5/Warlord | Destroyed Striker 17510 | -5/Warlord | Spotted Executioner 17515 | -5/Warlord | Destroyed Executioner 17554 | -5/Warlord | Destroyed 8 combat bots 17554 | -5/Warlord | Crushed by falling debris 17588 | -5/Warlord | Entered Proximity Caves 17588 | -4/Proximity Caves | Accompanied by 4 allies 17619 | -4/Proximity Caves | Learned Research emergency access door positions 17623 | -4/Proximity Caves | Identified exit to Factory 17674 | -4/Proximity Caves | P-70 Sage assimilated allied Sentinel 6a 17848 | -4/Proximity Caves | Spotted B-86 Titan 17897 | -4/Proximity Caves | Entered Factory 17897 | -4/Factory | Accompanied by 3 allies 17897 | -4/Factory | Evolved 2 slots: Utility x2 17898 | -4/Factory | Loaded intel: 53 interactive machine locations 17966 | -4/Factory | Incoming investigation squad redirected 18099 | -4/Factory | Identified exit to Upper Caves 18099 | -4/Factory | Identified exit to Extension 18189 | -4/Factory | Entered Extension 18189 | -4/Extension | Accompanied by 1 ally 18368 | -4/Extension | Repaired Hcp. Storage Unit 18439 | -4/Extension | Rescued a captive Derelict 18732 | -4/Extension | Spotted B-86 Titan 18754 | -4/Extension | Crushed by falling debris 18949 | -4/Extension | Found Launcher Loader 18985 | -4/Extension | Rescued a captive Derelict 18985 | -4/Extension | Rescued a captive Derelict 19054 | -4/Extension | Rescued a captive Derelict 19054 | -4/Extension | Rescued a captive Derelict 19068 | -4/Extension | Rescued A7 19110 | -4/Extension | Identified exit to Research 19110 | -4/Extension | Discovered exit to Research (range 10) 19111 | -4/Extension | Identified exit to Cetus 19111 | -4/Extension | Discovered exit to Cetus (range 6) 19314 | -4/Extension | Spotted B-86 Titan 19328 | -4/Extension | Destroyed B-86 Titan 19365 | -4/Extension | Allies destroyed B-86 Titan 19412 | -4/Extension | Discovered exit to Research (range 3) 19889 | -4/Extension | Entered Cetus 19889 | -4/Cetus | Accompanied by 3 allies (A7) 19894 | -4/Cetus | Acquired a Cetus Manufacturing Module code from A7 19906 | -4/Cetus | Spotted Cetus Guard 19906 | -4/Cetus | Spotted Cetus Guard 19912 | -4/Cetus | Destroyed Cetus Guard 19912 | -4/Cetus | Spotted Cetus Guard 19918 | -4/Cetus | Destroyed Cetus Guard 19919 | -4/Cetus | Spotted Cetus Guard 19925 | -4/Cetus | Allies destroyed Cetus Guard 19929 | -4/Cetus | Destroyed Cetus Guard 19993 | -4/Cetus | Discovered exit to Research (range 16) 20063 | -4/Cetus | Cetus Manufacturing Module disabled 20244 | -4/Cetus | Failed to start Cetus Manufacturing Module 20269 | -4/Cetus | Identified exit to Archives 20269 | -4/Cetus | Discovered exit to Archives (range 15) 20322 | -4/Cetus | Spotted Cetus Guard 20322 | -4/Cetus | Spotted Cetus Guard 20325 | -4/Cetus | Spotted Cetus Guard 20367 | -4/Cetus | Spotted Cetus Guard 20383 | -4/Cetus | Destroyed Cetus Guard 20393 | -4/Cetus | Destroyed Cetus Guard 20396 | -4/Cetus | Destroyed Cetus Guard 20402 | -4/Cetus | Destroyed Cetus Guard 20453 | -4/Cetus | Discovered exit to Research (range 16) 20460 | -4/Cetus | Met Revision 17 20513 | -4/Cetus | Entered Archives 20580 | -4/Archives | Unable to access archive contents 20600 | -4/Archives | Identified exit to Hub_04(d) 20600 | -4/Archives | Discovered exit to Hub_04(d) (range 15) 20631 | -4/Archives | Unable to access archive contents 20641 | -4/Archives | Discovered exit to Hub_04(d) (range 15) 20652 | -4/Archives | Unable to access archive contents 20670 | -4/Archives | Unable to access archive contents 20670 | -4/Archives | Unable to access archive contents 20683 | -4/Archives | Unable to access archive contents 20686 | -4/Archives | Discovered exit to Research (range 16) 20693 | -4/Archives | Unable to access archive contents 21082 | -4/Archives | Entered Hub_04(d) 21090 | -4/Hub_04(d) | Discovered exit to Research (range 12) 21163 | -4/Hub_04(d) | Garrison activated, responded to threat 21178 | -4/Hub_04(d) | Entered Research 21178 | -3/Research | Evolved 2 slots: Utility x2 21274 | -3/Research | Repaired Adv. Reaction Control System 21418 | -3/Research | Found Fusion Bomb Launcher 21506 | -3/Research | Repaired Imp. System Restoration Module 21568 | -3/Research | Identified exit to Research 21568 | -3/Research | Discovered exit to Research (range 15) 21701 | -3/Research | Entered another Research area 21701 | -2/Research | Evolved 2 slots: Utility x2 21796 | -2/Research | Incoming investigation squad redirected 21905 | -2/Research | Spotted B-90 Cyclops 22149 | -2/Research | System corruption reached 10% 22222 | -2/Research | Identified exit to Access 22303 | -2/Research | Entered Access 22303 | -1/Access | Evolved 2 slots: Utility x2 22488 | -1/Access | Identified Exp. Target Analyzer 22489 | -1/Access | Identified Exp. Thermal Shield 22491 | -1/Access | Identified Thermal Barrier 22779 | -1/Access | Build established: Hacker-Mutant 23455 | -1/Access | Identified exit to Surface 23455 | -1/Access | Discovered exit to Surface (range 5) 23461 | *** | Escaped! Last Messages --------------- interconnected with nearly every system on the ship during the attack. While replication of the ship's other technology is proceeding smoothly, attempts to successfully recreate the device have all failed. >>Query(Myomer Exoskeleton) A resilient full-body bipedal system that serves as both protection and propulsion. The active components are linked to every part of the robot to provide better balance and enable even faster running than the best of leg models. This prototype has only just entered the testing phase and has yet to be deployed. 23367_ Arm. Scrap Engine consumes Lgt. Quantum Reactor. 23402_ Slug penetrates Wall. 23402_ O-32 Director: "IFF HANDSHAKE FAILED. SECURING TERMINAL." 23403_ ALERT: Hostiles spotted, dispatching reinforcements to Terminal A017. 23434_ U-05 Engineer builds a Wall. 23450_ Connecting with Terminal... >>Open(Door) Sealed Barrier opened. 23455_ The Access Shell folds into the floor. 23455_ EXIT=FOUND: SURFACE Map ----- +----------------------------------------------------+ | ?????????????????????????????????????????????????? | | ?????????????????????????????????????????????????? | | ?????????????????????????????????????????????????? | | ?????????????????????????????????????????????????? | | ?????????????????????????????????????????????????? | | ?????????????????????????????????????????????????? | | ?????????????????????????????????????????????????? | | ?????????????????????????????????????????????????? | | ?????????????????????????????????????????????????? | | ?????????????????????????????????????????????????? | | ????????????????????????????????g????????????????? | | ?????????????????????????????????????????????????? | | ?????????????????????????????????????????????????? | | ?????????????????????????????????????? ????????? | | ?????????????????????????????????????? #????????? | | ??????????????????????????????????????w #????????? | | ?????????????????????????????????????? #????????? | | ?????????????????????????????????????? #????????? | | ?????????????????????????????????????? #????????? | | ?????????????????????????????###?????? #????????? | | ????????????????????########## ####### #????????? | | ????????????????????" #????????? | | ??????????????BB????" #????????? | | ??????????????BB????" #????????? | | ????????????????????" ########## | | ????????????????????" "@ ## # | | ????????????????????" "" ## # | | ????????????????????" ## + | | ??????????????BB????" ## # | | ??????????????BB????" """ """ ## # | | ????????????????????" """T""" ## # | | ????????????????????########## ####### ## + | | ?????????????????????????????###?????# ##[ # | | ?????????????????????????????????????# ## # | | ?????????????????????????????????????# #" # | | ?????????????????????????????######### ## # | | ???????????????????????????# + ####"##### | | ???????????????????????????# # #??##"#### | | ???????????????????????????# " + #???## | | ???????????????????????????# """ ?# #????# | | ???????????????????????????? """ ?# #????# " | | ???????????????????????????? " ??# #????# "" | | ????????????????????????????? ??# #????# "" | | ???????????????????????????? ???# #????# | | ???????????????????????????##?####???# #????# | | ?????????????????????????????????????# #????# | | ?????????????????????????????????????# #????##### | | ?????????????????????????????????????? ????????? | | ?????????????????????????????????????? ????????? | | ?????????????????????????????????????? ????????? | +----------------------------------------------------+ Best States ------------- Heat Dissipation 117 Coolant Potential 120 Energy Generation 63 Energy Capacity 1098 Matter Stores 300 Matter Capacity 300 Sight Range 16 Terrain Scan Density 10 Cloak Strength 3 Power Amplification 20 Base Temperature (-) 200 Armor Coverage 225 Resistance: KI 65 Resistance: TH 85 Resistance: EX 35 Resistance: EM 35 Resistance: I 35 Resistance: S 35 Resistance: P 35 Core Shielding 20 Phase Shifting 5 Evasion (%) 66 Targeting Accuracy 24 Target Analysis 10 Recoil Reduction 12 Offensive Hacking 20 Item Schematics ----------------- Cld. Ion Engine | -9/Materials | Scanalyzed Rocket Launcher | -9/Materials | Scanalyzed Imp. Hardlight Generator | -8/Recycling | Hacked Combat Drone Bay | -6/Data Miner | Free Lgt. Regenerative Plating | -6/Data Miner | Free Enh. Flexi-carbon Leg | -6/Data Miner | Free Prc. Matter Filter | -6/Data Miner | Free Hvy. Proton Missile Launcher | -6/Data Miner | Free Adv. Medium Treads | -6/Data Miner | Free Adv. Target Analyzer | -6/Data Miner | Free Micro-nuke Launcher | -6/Data Miner | Free Arm. Medium Treads | -6/Data Miner | Free Quantum Rifle | -6/Data Miner | Free Robot Schematics ------------------ M-22 Extractor | -6/Data Miner | Free L-41 Fighter | -6/Data Miner | Free A-15 Conveyor | -6/Data Miner | Free Y-54 Guardian | -6/Data Miner | Free Fabricated ------------ Nothing Alien Tech Used ----------------- None Achievements -------------- Project G-00 Revising The Future \\IAMDERELICT Challenges ------------ None Game ------ Seed LaserDynamicAmplifier Manual? 0 Play Time 03:47:40 Cumulative 142.9 hours Start 2023.03.15 @ 15:10:47 End 2023.03.15 @ 19:19:51 Sessions 1 Manual Loads 0 Difficulty Explorer Special Mode None Game No. 96 Rogue 93 Adventurer 0 Explorer 3 Win Type 0 Total 2 Types 2/0/0/0/0/0/0/0/0 Lore% 57 Gallery% 67 Achievement% 47 Wizard Run 0 Options --------- ASCII 0 Keyboard 0 Movement Arrows Keybinds 1 Fullscreen 0 Font 16/Terminus Map View 76x50 Tactical HUD 1 Map Filters NONE Filters NONE Steam 1 RUN: 9d35bdd7-1772-44e8-9b29-cc10c688ff0c